 Dungeon Crawl Stone Soup version 0.27-a0-1273-gec92ba881d (webtiles) character file.

Game seed: 15125024248734404834

207044 night the Gelid (level 18, 0/169 HPs)
             Began as an Octopode Ice Elementalist on June 11, 2021.
             Was an Initiate of Gozag.
             Slain by a nagaraja
             ... wielding a +0 flail
              (25 damage)
             ... on level 1 of the Snake Pit.
             The game lasted 02:03:45 (32754 turns).

night the Gelid (Octopode Ice Elementalist)        Turns: 32754, Time: 02:03:45

Health: 0/169      AC: 35    Str: 15    XL:     18   Next: 74%
Magic:  51/53      EV: 17    Int: 30    God:    Gozag
Gold:   1105       SH:  8    Dex: 19    Spells: 8/43 levels left

rFire    + . .     SeeInvis +   g - +6 broad axe (venom)
rCold    + . .     Faith    .   j - +2 buckler {rC+}
rNeg     + . .     Spirit   .   (helmet restricted)
rPois    ∞         Reflect  .   M - amulet of regeneration
rElec    +         Harm     .   n - +4 ring of evasion
rCorr    .         Rampage  .   T - ring "Lyishu" {rF+ Int+6 Dex+3 SInv}
Will     ++...                  f - +6 ring of strength
Stlth    +++.......             i - ring of magical power
HPRegen  1.38/turn              l - +4 ring of protection
MPRegen  0.33/turn              U - +4 ring of protection
                                G - ring of magical power
                                Z - ring of wizardry

@: statue-form, very slow
A: slow and powerful, torment resistance 1, boosted hp, almost no armour,
amphibious, 8 rings, camouflage 1, (gelatinous body 1), (nimble swimmer 1),
tentacles, agile 1, strong-willed 1, poison resistance, strong 1
}: 1/15 runes: decaying
a: End Transformation, Renounce Religion, Potion Petition, Call Merchant, Bribe
Branch


You were on level 1 of the Snake Pit.
You worshipped Gozag.
Gozag was most pleased with you.
You were a living statue of rough stone.
You visited 6 branches of the dungeon, and saw 29 of its levels.
You also visited: Gauntlet.

You collected 11817 gold pieces.
You spent 3915 gold pieces at shops.
You paid 6797 gold pieces to Gozag.

Inventory:

Hand Weapons
 g - a +6 broad axe of venom (weapon)
 h - the +8 flail "Xoikil" {pain, Will+ rCorr}
   (You acquired it on level 2 of the Dungeon)

   In the hands of one skilled in necromantic magic, it inflicts extra damage on
   living creatures.
   It protects you from acid and corrosion.
   It increases your willpower.
 w - a +5 eveningstar of holy wrath
 I - the +12 flail "Hyem" {venom, Stlth+}
   (You bought it in a shop on level 9 of the Dungeon)

   It poisons the flesh of those it strikes.
   It makes you more stealthy.
 J - a +3 fustibalus of venom
Missiles
 a - 152 poisoned darts (quivered)
 b - 149 sling bullets
 s - 22 javelins
Armour
 j - a +2 buckler of cold resistance (worn)
Jewellery
 c - an amulet of the acrobat
 f - a +6 ring of strength (on tentacle)
 i - a ring of magical power (on tentacle)
 k - a ring of ice
 l - a +4 ring of protection (on tentacle)
 n - a +4 ring of evasion (left tentacle)
 o - a ring of flight
 u - a ring of positive energy
 z - a ring of protection from fire
 G - a ring of magical power (on tentacle)
 K - the ring of the Foremost Princes {rF+ rC- rN+ rCorr Str+6}
   (You found it on level 2 of the Orcish Mines)

   [ring of strength]

   It affects your strength (+6).
   It protects you from fire.
   It makes you vulnerable to cold.
   It protects you from negative energy.
   It protects you from acid and corrosion.
 M - an amulet of regeneration (around mantle)
 N - a ring of positive energy
 S - a ring of willpower
 T - the ring "Lyishu" (right tentacle) {rF+ Int+6 Dex+3 SInv}
   (You found it in a Gauntlet)

   [ring of intelligence]

   It affects your intelligence (+6).
   It affects your dexterity (+3).
   It protects you from fire.
   It lets you see invisible.
 U - a +4 ring of protection (on tentacle)
 Z - a ring of wizardry (on tentacle)
Wands
 r - a wand of charming (20)
 A - a wand of paralysis (20)
 E - a wand of flame (68)
 F - a wand of digging (11)
 O - a wand of polymorph (16)
 P - a wand of acid (16)
 Q - a wand of iceblast (22)
Scrolls
 d - a scroll of fear
 e - 13 scrolls of identify
 m - 6 scrolls of teleportation
 v - 4 scrolls of amnesia
 x - a scroll of holy word
 C - 10 scrolls of magic mapping
 D - 6 scrolls of enchant armour
 R - 2 scrolls of blinking
 W - a scroll of summoning
 Y - a scroll of silence
Potions
 p - 6 potions of might
 q - 16 potions of curing
 t - 6 potions of brilliance
 y - 4 potions of haste
 B - 2 potions of heal wounds
 H - 2 potions of attraction
 L - 2 potions of magic
 V - 3 potions of lignification
 X - 5 potions of cancellation


   Skills:
 - Level 13.6 Fighting
 - Level 13.5 Maces & Flails
 - Level 2.6 Dodging
 - Level 2.6 Stealth
 - Level 4.0 Shields
 - Level 13.4 Spellcasting
 - Level 6.6 Necromancy
 - Level 7.4 Transmutations
 * Level 17.2 Ice Magic
 - Level 7.5 Earth Magic


You had 8 spell levels left.
You knew the following spells:

 Your Spells              Type           Power      Damage    Failure   Level
a - Freeze                Ice            100%       1d11      0%          1
b - Frozen Ramparts       Ice            100%       1d12      0%          3
c - Ozocubu's Armour      Ice            89%        N/A       0%          3
d - Agony                 Necr           56%        N/A       1%          5
e - Dispel Undead         Necr           56%        3d20      1%          4
f - Summon Ice Beast      Ice/Summ       64%        N/A       1%          4
h - Polar Vortex          Ice            44%        N/A       61%         9
z - Statue Form           Tmut/Erth      40%        N/A       7%          6

Your spell library contained the following spells:

 Spells                   Type           Power      Damage    Failure   Level
 Corona                   Hex            22%        N/A       1%          1
 Magic Dart               Conj           80%        1d7       1%          1
 Summon Small Mammal      Summ           80%        N/A       1%          1
 Blink                    Tloc           N/A        N/A       1%          2
 Call Imp                 Summ           20%        N/A       1%          2
 Corpse Rot               Necr/Air       N/A        N/A       1%          2
 Ensorcelled Hibernation  Hex/Ice        100%       N/A       1%          2
 Passwall                 Tmut/Erth      50%        N/A       1%          2
 Poisonous Vapours        Pois/Air       40%        N/A       1%          2
 Slow                     Hex            20%        N/A       1%          2
 Sublimation of Blood     Necr           28%        N/A       1%          2
 Ignite Poison            Fire/Tmut/Pois 35%        N/A       1%          3
 Hailstorm                Conj/Ice       64%        3d14      1%          4
 Ice Form                 Ice/Tmut       76%        N/A       1%          4
 Petrify                  Tmut/Erth      60%        N/A       1%          4
 Excruciating Wounds      Necr           28%        N/A       1%          5
 Lee's Rapid Deconstruct  Erth           30%        3d17*     1%          5
 Metabolic Englaciation   Hex/Ice        32%        N/A       1%          5
 Simulacrum               Ice/Necr       37%        N/A       1%          6
 Ozocubu's Refrigeration  Ice            44%        4d13      1%          7
 Freezing Cloud           Conj/Ice/Air   26%        6-21      2%          5
 Call Canine Familiar     Summ           20%        N/A       3%          3
 Confusing Touch          Hex            20%        N/A       3%          3
 Conjure Flame            Conj/Fire      20%        6-21      3%          3
 Dazzling Flash           Conj/Hex       40%        N/A       3%          3
 Gell's Gravitas          Tloc           10%        N/A       3%          3
 Mephitic Cloud           Conj/Pois/Air  20%        N/A       3%          3
 Summon Guardian Golem    Hex/Summ       20%        N/A       3%          3
 Swiftness                Air            20%        N/A       3%          3
 Tukima's Dance           Hex            20%        N/A       3%          3
 Irradiate                Conj/Tmut      21%        3d21      6%          5
 Yara's Violent Unravell  Hex/Tmut       21%        3d10      6%          5
 Blade Hands              Tmut           30%        N/A       8%          6
 Passage of Golubria      Tloc           N/A        N/A       10%         4
 Summon Lightning Spire   Summ/Air       20%        N/A       10%         4
 Fireball                 Conj/Fire      10%        3d6       26%         5
 Summon Mana Viper        Hex/Summ       20%        N/A       26%         5
 Dragon Form              Tmut           30%        N/A       36%         7
 Invisibility             Hex            10%        N/A       80%         6
 Starburst                Conj/Fire      10%        8x6d5     80%         6
 Storm Form               Tmut/Air       21%        N/A       85%         7
 Ignition                 Fire           10%        3d5       100%        8
 Lehudib's Crystal Spear  Conj/Erth      21%        10d6      100%        8
 Chain Lightning          Conj/Air       10%        3d13      100%        9
 Fire Storm               Conj/Fire      10%        8d3       100%        9


Dungeon Overview and Level Annotations

Branches:
Dungeon (15/15)            Temple (1/1) D:5            Lair (6/6) D:10
  Swamp (4/4) Lair:2        Snake (1/4) Lair:3        Slime (0/5) Lair:5
    Orc (2/2) D:9             Elf (0/3) Orc:2        Vaults (0/5) D:13
 Depths (0/5) D:15        Gauntlet (visited)

Altars:
Ashenzari
Cheibriados
Dithmenos
Elyvilon
Fedhas
Gozag
Hepliaklqana
Kikubaaqudgha
Makhleb
Nemelex Xobeh
Okawaru
Qazlal
Ru
Sif Muna
Trog
Uskayaw
Vehumet
Wu Jian
Xom
Yredelemnul
Zin
The Shining One
Beogh
Jiyva

Shops:
D:6 !   D:9 *[(   Orc:1 :=   Orc:2 (=(=   Lair:3 *

Annotations:
D:4 1 runed translucent door
Lair:2 exclusion: oklob plant
Swamp:1 3 runed translucent doors, Faethron's ghost, adept FoFi
Orc:1 2 transporters, Citwyu Quru's ghost, journeyman DjFE


Innate Abilities, Weirdness & Mutations

You are a living statue of rough stone.
Your actions are slow, but your melee attacks are powerful.
You are resistant to unholy torment.
Your maximum health is greatly increased.
Your equipment is partially melded.
You cannot wear most types of armour.
You are amphibious.
You can wear up to eight rings at the same time.
Your skin changes colour to match your surroundings (Stealth+).
((Your rubbery body absorbs attacks. (AC +1, EV +1)))
((You are camouflaged near water. (Stealth+)))
You have tentacles for arms and can constrict up to eight enemies at once.
You are agile. (Dex +2)
You are strong-willed. (Will+)
Your system is resistant to poisons. (rPois)
Your muscles are strong. (Str +2)


Message History

The nagaraja is distracted by your dazzling golden aura.
The naga barely misses you. The naga grabs you. The naga constricts you.
The naga warrior hits you from afar with a +0 trident.
The naga sharpshooter casts a spell.
The naga sharpshooter magically shoots a bolt.
The bolt hits you! The naga barely misses you.
The nagaraja shouts!
The black mamba hisses angrily.
You slash the nagaraja!
The nagaraja is no longer distracted by gold.
You squeeze the nagaraja.
The nagaraja is moderately wounded.
You closely miss the naga. You miss the black mamba.
The black mamba is no longer distracted by gold.
You block the black mamba's attack. The nagaraja spits poison at you.
The splash of poison misses you. The naga loses its grip on you.
The naga warrior hits you from afar with a +0 trident!
The black mamba misses you.
The naga sharpshooter spits poison at you.
The splash of poison hits you but does no damage.
You resist. The naga closely misses you.
The nagaraja hits you with a +0 flail!!
* * * LOW HITPOINT WARNING * * *
The nagaraja completely misses you. The naga spits poison at you.
The splash of poison misses you.
The splash of poison hits the black mamba.
The black mamba is poisoned.
The naga no longer looks unusually strong.
The black mamba misses you.
The black mamba bites you but does no damage.
The naga warrior hits you from afar with a +0 trident!
* * * LOW HITPOINT WARNING * * *
The naga sharpshooter shoots a bolt.
You block the bolt.
The naga hits you from afar with a +0 trident!
* * * LOW HITPOINT WARNING * * *
The naga misses you. The naga barely misses you.
The nagaraja hits you with a +0 flail!!
You die...
Your body crumbles into a pile of gold.

.........##
..........+
..........#
..........#####
...............
.....N.........
.......NS......
.....N$8.......
.....N.N.......
.....N...#.....
........## ....
.(....... ...
......... ..
......... #
..........


You could see a naga warrior, a nagaraja (strong, catching breath), a naga
sharpshooter (strong, catching breath), a black mamba (poisoned) and 3 nagas.

Vanquished Creatures
  Rupert (D:13)
  2 tentacled monstrosities
  Frances (D:13)
  A sphinx (D:11)
  A tengu reaver (D:14)
  A thorn hunter (Swamp:1)
  A fenstrider witch (Swamp:3)
  A stone giant (D:15)
  4 bunyips
  A minotaur (Gauntlet)
  4 fire dragons
  3 eleionomae (Swamp:3)
  2 shambling mangroves (Swamp:3)
  An ice dragon (Lair:6)
  6 boulder beetles
  2 ogre magi
  8 vault guards (D:13)
  13 hydras
  Fannar (D:11)
  A ghost crab (Swamp:2)
  3 catoblepae
  6 centaur warriors
  13 alligators
  A death knight (D:14)
  11 two-headed ogres
  2 death yaks
  Urug (D:12)
  4 orc high priests
  3 fire crabs (Swamp:4)
  5 skeletal warriors
  12 swamp dragons
  2 spriggan druids
  4 goliath frogs
  6 bog bodies
  A deep troll (Orc:1)
  2 lindwurms (Lair:6)
  4 deep elf pyromancers
  7 orc knights
  5 manticores
  A faun (shapeshifter) (D:14)
  7 ugly things
  4 orc sorcerers
  A salamander (shapeshifter) (D:15)
  6 will-o-the-wisps
  7 cyclopes
  7 elephants (Lair:5)
  9 black mambas
  6 torpor snails
  A gargoyle (D:11)
  14 cane toads
  An unseen horror (shapeshifter) (D:14)
  An unseen horror (D:12)
  6 rime drakes
  A freezing wraith (D:14)
  Maggie (D:8)
  2 kobold demonologists
  2 efreet
  A komodo dragon (shapeshifter) (D:11)
  11 komodo dragons
  10 trolls
  11 polar bears
  10 tyrant leeches
  20 hornets
  A polar bear (shapeshifter) (D:13)
  2 blink frogs (Lair:3)
  2 raiju (Lair:6)
  The ghost of sn0wgr3 the Skirmisher, an amateur GrFi (D:4)
  6 dream sheep
  A raiju (shapeshifter) (D:11)
  3 flying skulls (Gauntlet)
  3 shadows
  A vampire (D:12)
  13 spriggans
  A tarantella (shapeshifter) (D:12)
  A fire elemental (Swamp:4)
  2 wraiths
  7 wyverns
  24 yaks
  5 basilisks
  3 fire bats (Swamp:4)
  5 vampire mosquitoes
  3 steam dragons (Swamp:4)
  11 wargs
  A naga (shapeshifter) (D:15)
  22 water moccasins
  4 acid dragons
  11 swamp worms
  15 hell hounds (Lair:6)
  26 orc warriors
  9 swamp drakes
  17 black bears
  A hornet zombie (D:6)
  A sky beast (D:8)
  A necrophage (D:7)
  13 ogres
  36 wolves
  5 centaurs
  A phantom (D:6)
  5 kobold brigands
  9 bullfrogs
  A scorpion (D:5)
  A water moccasin skeleton (D:6)
  An electric eel (Lair:2)
  3 howler monkeys (D:9)
  5 wights (D:8)
  4 centaur zombies
  A lava snake (Swamp:4)
  23 orc priests
  2 centaur skeletons (D:7)
  A gnoll shaman (D:6)
  3 hounds
  2 jellies
  A bullfrog skeleton (D:6)
  Jessica (D:3)
  An iguana (D:6)
  26 orc wizards
  A scorpion zombie (D:5)
  A killer bee zombie (D:6)
  A mummy (D:6)
  5 gnolls
  2 howler monkey skeletons
  A river rat (D:4)
  6 adders
  A shadow imp (D:5)
  2 white imps
  2 worms
  2 dart slugs
  90 orcs
  3 ball pythons
  9 bats
  4 endoplasms
  4 giant cockroaches
  7 goblins
  7 hobgoblins
  9 jackals
  4 quokkas
  3 frilled lizards
  22 kobolds
  7 rats
828 creatures vanquished.

Vanquished Creatures (collateral kills)
  The ghost of Nosferatu13666 the Unseen, a journeyman SpBr of Dithmenos (Orc:2)
  A hydra (Lair:5)
  Erolcha (D:11)
  A two-headed ogre (Orc:2)
  An alligator (Swamp:1)
  A centaur warrior (D:13)
  An orc high priest (Orc:2)
  Nergalle (Orc:1)
  A goliath frog (Swamp:1)
  A spriggan druid (Swamp:1)
  2 orc knights
  2 orc sorcerers
  2 elephants (Lair:5)
  A cane toad (Lair:6)
  A komodo dragon (Lair:3)
  A troll (Orc:1)
  A tyrant leech (Swamp:1)
  A wyvern (Lair:6)
  A yak (Lair:5)
  2 basilisks (Lair:6)
  A vampire mosquito (Swamp:1)
  A warg (Orc:1)
  A swamp worm (Swamp:1)
  A water moccasin (Lair:6)
  A swamp drake (Swamp:1)
  4 orc warriors
  A wolf (Lair:3)
  4 orc priests
  An orc wizard (Orc:1)
  14 orcs
53 creatures vanquished.

Vanquished Creatures (others)
  2 hydras
  A spriggan air mage (Swamp:1)
  An alligator (Swamp:2)
  A goliath frog (Swamp:2)
  2 swamp dragons
  A polar bear (Lair:3)
  A bloated husk (Swamp:1)
  A tyrant leech (Swamp:2)
  A steam dragon (Swamp:4)
  A swamp worm (Swamp:2)
  A swamp drake (Swamp:4)
  51 foxfires
  23 fungi
  58 plants
  13 toadstools (Swamp:1)
  2 withered plants (D:8)
160 creatures vanquished.

Grand Total: 1041 creatures vanquished

Notes
Turn   | Place    | Note
-------+----------+-------------------------------------------
     0 | D:1      | night the Octopode Ice Elementalist began the quest for the
                  | Orb.
     0 | D:1      | Reached XP level 1. HP: 11/11 MP: 3/3
   311 | D:1      | Reached XP level 2. HP: 17/18 MP: 5/5
   504 | D:1      | Reached skill level 1 in Fighting
   718 | D:1      | Reached XP level 3. HP: 21/23 MP: 6/6
   722 | D:1      | Learned a level 3 spell: Frozen Ramparts
  1290 | D:2      | Learned a level 3 spell: Ozocubu's Armour
  1462 | D:2      | Reached XP level 4. HP: 27/28 MP: 7/7
  1515 | D:2      | Identified a scroll of acquirement
  1515 | D:2      | Acquired the +8 flail "Xoikil" {pain, Will+ rCorr}
  2041 | D:3      | Reached skill level 2 in Fighting
  2041 | D:3      | Reached skill level 1 in Maces & Flails
  2041 | D:3      | Reached skill level 1 in Necromancy
  2041 | D:3      | Reached XP level 5. HP: 33/34 MP: 9/9
  2235 | D:3      | Found a broken altar of Ashenzari.
  2552 | D:3      | Noticed Jessica
  2664 | D:3      | Killed Jessica
  2943 | D:4      | Reached XP level 6. HP: 39/39 MP: 6/10
  3220 | D:4      | Found a runed translucent door.
  3224 | D:4      | Noticed sn0wgr3's ghost (amateur GrFi)
  3241 | D:4      | Gained mutation: You are strong-willed. (Will+) [potion of
                  | mutation]
  3241 | D:4      | Gained mutation: Your magical capacity is low. (-10% MP)
                  | [potion of mutation]
  3241 | D:4      | Gained mutation: Your muscles are strong. (Str +2) [potion
                  | of mutation]
  3241 | D:4      | Gained mutation: You expend magic power (3 MP) to
                  | strengthen your wands. [potion of mutation]
  3252 | D:4      | HP: 6/61 [sn0wgr3's ghost (6)]
  3265 | D:4      | HP: 5/61 [sn0wgr3's ghost (8)]
  3266 | D:4      | Killed sn0wgr3's ghost
  3267 | D:4      | Reached skill level 2 in Maces & Flails
  3267 | D:4      | Reached skill level 2 in Necromancy
  3267 | D:4      | Reached skill level 5 in Ice Magic
  3267 | D:4      | Reached XP level 7. HP: 5/45 MP: 4/11
  3309 | D:4      | Found a runed translucent door.
  3929 | D:5      | Entered Level 5 of the Dungeon
  4022 | D:5      | Found a staircase to the Ecumenical Temple.
  4154 | Temple   | Entered the Ecumenical Temple
  4305 | Temple   | Became a worshipper of Gozag Ym Sagoz the Greedy
  4835 | D:5      | Reached XP level 8. HP: 43/53 MP: 12/12
  5239 | D:5      | Lost mutation: Your magical capacity is low. (-10% MP)
                  | [potion of mutation]
  5239 | D:5      | Lost mutation: You expend magic power (3 MP) to strengthen
                  | your wands. [potion of mutation]
  5239 | D:5      | Lost mutation: Your muscles are strong. (Str +2) [potion of
                  | mutation]
  5239 | D:5      | Gained mutation: Your muscles are strong. (Str +2) [potion
                  | of mutation]
  5239 | D:5      | Gained mutation: Your system is resistant to poisons.
                  | (rPois) [potion of mutation]
  5416 | D:6      | Reached skill level 6 in Ice Magic
  5881 | D:6      | Reached skill level 5 in Spellcasting
  5881 | D:6      | Reached XP level 9. HP: 59/59 MP: 16/16
  6301 | D:6      | Found Xugaxuim's Distillery.
  6398 | D:6      | Reached skill level 5 in Fighting
  6483 | D:6      | Found a snail-covered altar of Cheibriados.
  6788 | D:7      | Found a basalt altar of Yredelemnul.
  7189 | D:7      | Reached skill level 5 in Maces & Flails
  7189 | D:7      | Reached skill level 5 in Necromancy
  7568 | D:8      | Reached skill level 7 in Ice Magic
  7590 | D:8      | Noticed Maggie
  7603 | D:8      | Killed Maggie
  7666 | D:8      | Found a blossoming altar of Fedhas.
  7666 | D:8      | Found an ancient bone altar of Kikubaaqudgha.
  7738 | D:8      | Found a hazy altar of Hepliaklqana.
  8057 | D:8      | Reached XP level 10. HP: 62/68 MP: 19/19
  8875 | D:9      | Noticed a two-headed ogre
  8883 | D:9      | Killed a two-headed ogre
  8884 | D:9      | Reached skill level 8 in Ice Magic
  8916 | D:9      | Found a staircase to the Orcish Mines.
  9271 | D:9      | Found Wakeuwn's Assorted Antiques.
  9581 | D:9      | Acquired 833 gold pieces
  9585 | D:9      | Bought a crystal flail for 187 gold pieces
  9585 | D:9      | Identified the +12 flail "Hyem" {venom, Stlth+} (You bought
                  | it in a shop on level 9 of the Dungeon)
  9941 | D:10     | Entered Level 10 of the Dungeon
 10164 | D:10     | Found a staircase to the Lair.
 10164 | D:10     | Noticed a death yak
 10184 | D:10     | Killed a death yak
 10185 | D:10     | Reached XP level 11. HP: 55/75 MP: 22/22
 11070 | Lair:1   | Entered Level 1 of the Lair of Beasts
 11133 | Lair:1   | Reached skill level 9 in Ice Magic
 12284 | Lair:2   | Noticed a five-headed hydra
 12290 | Lair:2   | Killed a five-headed hydra
 12366 | Lair:2   | Noticed an oklob plant
 12379 | Lair:2   | Acquired a book of Death
 12390 | Lair:2   | Learned a level 5 spell: Agony
 12748 | Lair:2   | Noticed a bog body
 12756 | Lair:2   | Killed a bog body
 13051 | Lair:2   | Found a staircase to the Swamp.
 13051 | Lair:2   | Noticed a bog body
 13487 | Lair:2   | Reached XP level 12. HP: 62/84 MP: 24/24
 14043 | Lair:3   | Reached skill level 10 in Ice Magic
 14184 | Lair:3   | Bought a thick fluorescent amulet for 170 gold pieces
 14374 | Lair:3   | Noticed a death yak
 14398 | Lair:3   | Killed a death yak
 14460 | Lair:3   | Noticed a four-headed hydra
 14471 | Lair:3   | Killed a four-headed hydra
 14526 | Lair:3   | Noticed a six-headed hydra
 14535 | Lair:3   | Killed a six-headed hydra
 14878 | Lair:3   | Reached skill level 10 in Fighting
 14885 | Lair:3   | Found a staircase to the Snake Pit.
 14900 | Lair:3   | Learned a level 4 spell: Dispel Undead
 15140 | Lair:3   | Found an ancient bone altar of Kikubaaqudgha.
 15238 | Lair:3   | Reached skill level 10 in Maces & Flails
 15413 | Lair:4   | Noticed a catoblepas
 15488 | Lair:4   | Reached skill level 11 in Ice Magic
 15488 | Lair:4   | Reached XP level 13. HP: 92/92 MP: 26/26
 15804 | Lair:4   | Reached skill level 10 in Spellcasting
 16328 | Lair:5   | Found a gate leading to a gauntlet.
 16337 | Gauntlet | Entered a Gauntlet
 16337 | Gauntlet | Found a transporter.
 16348 | Gauntlet | Learned a level 4 spell: Summon Ice Beast
 16359 | Gauntlet | Found a transporter.
 16361 | Gauntlet | Found a transporter.
 16370 | Gauntlet | Found a transporter.
 16384 | Gauntlet | Found a transporter.
 16389 | Gauntlet | Found a transporter.
 16406 | Gauntlet | Found a transporter.
 16425 | Gauntlet | Found a transporter.
 16437 | Gauntlet | Found a transporter.
 16443 | Gauntlet | Found a transporter.
 16449 | Gauntlet | Noticed a balrug
 16458 | Gauntlet | Found a transporter.
 16468 | Gauntlet | Noticed a dire elephant
 16470 | Gauntlet | Found a transporter.
 16478 | Gauntlet | Found a large runed translucent door.
 16479 | Gauntlet | Found a large runed translucent door.
 16480 | Gauntlet | Found a large runed translucent door.
 16480 | Gauntlet | Found a large runed translucent door.
 16481 | Gauntlet | Found a runed translucent gate.
 16482 | Gauntlet | Found a transporter.
 16482 | Gauntlet | Found a runed translucent gate.
 16483 | Gauntlet | Found a runed translucent gate.
 16484 | Gauntlet | Found a large runed translucent door.
 16484 | Gauntlet | Found a large runed translucent door.
 16484 | Gauntlet | Found a runed translucent door.
 16484 | Gauntlet | Found a runed translucent door.
 16485 | Gauntlet | Found a large runed translucent door.
 16486 | Gauntlet | Found a large runed translucent door.
 16488 | Gauntlet | Found a transporter.
 16488 | Gauntlet | Found a transporter.
 16493 | Gauntlet | Found a large runed translucent door.
 16493 | Gauntlet | Found a large runed translucent door.
 16494 | Gauntlet | Found a large runed translucent door.
 16495 | Gauntlet | Found a large runed translucent door.
 16504 | Gauntlet | Found a large runed translucent door.
 16504 | Gauntlet | Found a large runed translucent door.
 16505 | Gauntlet | Found a large runed translucent door.
 16506 | Gauntlet | Found a large runed translucent door.
 16527 | Gauntlet | Found a transporter.
 16554 | Gauntlet | Found a transporter.
 16632 | Gauntlet | Found a transporter.
 16744 | Gauntlet | Noticed a great orb of eyes
 16807 | Gauntlet | Identified the ring "Lyishu" {rF+ Int+6 Dex+3 SInv}
 16827 | Gauntlet | Noticed a minotaur
 16834 | Gauntlet | Killed a minotaur
 16885 | Gauntlet | Identified the Grimoire of the Escort
 16922 | Lair:5   | Acquired a +2 eveningstar of holy wrath
 17317 | Lair:5   | Found a staircase to the Slime Pits.
 17318 | Lair:5   | Found a viscous altar of Jiyva.
 18355 | Lair:6   | Entered Level 6 of the Lair of Beasts
 18679 | Lair:6   | Reached skill level 12 in Ice Magic
 18768 | Lair:6   | Reached XP level 14. HP: 88/101 MP: 28/28
 18913 | Lair:6   | HP: 12/101 [rime drake/flash freeze (16)]
 19167 | Lair:6   | Found a runed translucent door.
 19813 | Lair:6   | Reached skill level 12 in Fighting
 20288 | Lair:6   | Reached skill level 12 in Maces & Flails
 20559 | Orc:1    | Entered Level 1 of the Orcish Mines
 20559 | Orc:1    | Found Vodutajo's Book Shoppe.
 20559 | Orc:1    | Noticed Nergalle
 20572 | Orc:1    | Killed Nergalle
 20824 | Orc:1    | Found a transporter.
 20989 | Orc:1    | Found a transporter.
 20992 | Orc:1    | Noticed Citwyu Quru's ghost (journeyman DjFE)
 21038 | Orc:1    | Reached skill level 13 in Ice Magic
 21450 | Orc:1    | Found Lawim's Jewellery Emporium.
 21620 | Orc:1    | Reached XP level 15. HP: 105/109 MP: 30/30
 21810 | Orc:2    | Entered Level 2 of the Orcish Mines
 21964 | Orc:1    | HP: 7/109 [two-headed ogre/+0 giant club (23)]
 22094 | Orc:2    | Found a large runed translucent door.
 22094 | Orc:2    | Found a large runed translucent door.
 22113 | Orc:2    | Noticed Nosferatu13666's ghost (journeyman SpBr)
 22146 | Orc:2    | Killed Nosferatu13666's ghost
 22156 | Orc:2    | Identified the ring of the Foremost Princes {rF+ rC- rN+
                  | rCorr Str+6}
 22270 | Orc:2    | Reached skill level 12 in Spellcasting
 22279 | Orc:2    | Paralysed by an ogre mage for 3 turns
 22530 | Orc:2    | HP: 14/109 [orc priest/divine providence (16)]
 22674 | Orc:2    | Found a staircase to the Elven Halls.
 22750 | Orc:2    | Gained mutation: You are agile. (Dex +2) [a neqoxec]
 23084 | Orc:2    | Found Kaesho's Weapon Emporium.
 23084 | Orc:2    | Found Hiestuax's Jewellery Shop.
 23086 | Orc:2    | Found Litos's Jewellery Emporium.
 23086 | Orc:2    | Found Rafeleg's Weapon Shop.
 23426 | Orc:1    | Bought a book of Transfigurations for 880 gold pieces
 23464 | Orc:1    | Bought a +4 ring of protection for 432 gold pieces
 23480 | Orc:1    | Learned a level 6 spell: Statue Form
 23633 | Orc:2    | Bought a ring of wizardry for 480 gold pieces
 23887 | D:11     | Noticed Fannar
 23898 | D:11     | Killed Fannar
 23953 | D:11     | Reached skill level 1 in Transmutations
 23953 | D:11     | Reached skill level 1 in Earth Magic
 24244 | D:11     | Reached skill level 2 in Earth Magic
 24270 | D:11     | Reached skill level 2 in Transmutations
 24475 | D:11     | Identified the +2 glaive of Ancient Evil {holy, +Blink}
 24481 | D:11     | Identified the +7 shortbow of the Beast {speed, Fly Dex+3}
 24860 | D:11     | Reached skill level 5 in Earth Magic
 24860 | D:11     | Reached XP level 16. HP: 116/116 MP: 32/32
 24913 | D:11     | Reached skill level 5 in Transmutations
 24945 | D:11     | Noticed a sphinx
 24945 | D:11     | Noticed Erolcha
 24956 | D:11     | Killed a sphinx
 24960 | D:11     | Killed Erolcha
 25884 | D:13     | Noticed Urug
 25894 | D:12     | Killed Urug
 25915 | D:13     | Noticed Frances
 25925 | D:13     | Killed Frances
 25926 | D:13     | Reached skill level 1 in Shields
 26065 | D:13     | Found a gate to the Vaults.
 26075 | D:13     | Reached skill level 2 in Shields
 26081 | D:13     | Reached XP level 17. HP: 121/121 MP: 33/33
 26088 | D:13     | Noticed Rupert
 26099 | D:13     | Killed Rupert
 26918 | Orc:1    | Bought a book of Annihilations for 1766 gold pieces
 26928 | Orc:1    | Learned a level 9 spell: Polar Vortex
 27134 | D:14     | Identified the +9 lajatang of Context {freeze, rC+ Dex+2}
 27687 | D:15     | Entered Level 15 of the Dungeon
 27881 | D:15     | Reached skill level 14 in Ice Magic
 27908 | D:15     | Found a staircase to the Depths.
 28281 | D:15     | Found a shimmering altar of Xom.
 28281 | D:15     | Found a shimmering altar of Xom.
 28284 | D:15     | Found a shimmering altar of Xom.
 28286 | D:15     | Found a shimmering altar of Xom.
 28519 | Snake:1  | Entered Level 1 of the Snake Pit
 28642 | Swamp:1  | Entered Level 1 of the Swamp
 28837 | Swamp:1  | Noticed a tentacled monstrosity
 28858 | Swamp:1  | Killed a tentacled monstrosity
 28956 | Swamp:1  | HP: 21/159 [spriggan rider/+0 spear (14)]
 29084 | Swamp:1  | Found a runed translucent gate.
 29084 | Swamp:1  | Found a runed translucent gate.
 29084 | Swamp:1  | Found a runed translucent gate.
 29087 | Swamp:1  | Noticed Faethron's ghost (adept FoFi)
 29742 | Swamp:2  | Reached XP level 18. HP: 55/129 MP: 35/35
 30315 | Swamp:3  | Reached skill level 15 in Ice Magic
 31141 | Swamp:4  | Entered Level 4 of the Swamp
 31230 | Swamp:4  | HP: 19/169 [eight-headed hydra[a spriggan druid] (14)]
 31246 | Swamp:4  | Reached skill level 16 in Ice Magic
 31260 | Swamp:4  | HP: 17/130 [swamp dragon (6)]
 31576 | Swamp:4  | Noticed a tentacled monstrosity
 31595 | Swamp:4  | Killed a tentacled monstrosity
 31710 | Swamp:4  | Got a decaying rune of Zot
 31767 | Swamp:4  | HP: 15/169 [bunyip (17)]
 31891 | Swamp:3  | Reached skill level 17 in Ice Magic
 32754 | Snake:1  | HP: 25/169 [naga/+0 trident (8)]
 32754 | Snake:1  | Slain by a nagaraja

Illustrated notes

Levels and vault maps discovered:
D:1:      elethiomel_arrival_quiet, layout_basic
D:2:      layout_rooms
D:3:      layout_rooms, lemuel_crystal_altar, uniq_jessica
D:4:      layout_rooms, ebering_ghost_sewer_f, item_on_display_a
D:5:      layout_loops_ring, minmay_temple_entry_overgrown
D:6:      layout_loops_cross, chei_slow_surprise, serial_shops, shop,
          grunt_ministairs_5, due_unseen_surprise
D:7:      layout_rooms, yredelemnul_altar_generic, kennysheep_donut,
          grunt_ministairs_5, minmay_misc_feat_room, hangedman_decor_growths
D:8:      layout_gridville, grunt_temple_overflow_growth_and_decay,
          nicolae_hepliaklqana_hippocampus, enter_ossuary_5, uniq_maggie
D:9:      layout_grid_maze, david_orc_5, serial_shops, shop,
          small_statue_intersection
D:10:     lemuel_ice_spiral_2, layout_rooms, david_lair_generic,
          lemuel_flame_loot_1
D:11:     minmay_the_grid_octo_triangle [minmay_the_grid_octo_chip,
          minmay_the_grid_octo_prize_ultimate_mussel_roller,
          minmay_the_grid_octo_horde], layout_loops_ring, minmay_three_doors,
          uniq_erolcha, uniq_fannar
D:12:     layout_rooms
D:13:     layout_long_grid, erik_vaults_2, uniq_frances, uniq_urug, uniq_rupert
D:14:     layout_roguey, minmay_radiant
D:15:     grunt_enter_depths_giant_problem, layout_rooms, xom_redecorated
Temple:   nicolae_temple_elliptical
Lair:1:   layout_cave_pods
Lair:2:   layout_roguey, nicolae_swamp_entry_splash_gauntlet,
          minmay_lair_oklob_chamber
Lair:3:   nzn_winding_woodlands_three_and_one
          [nzn_winding_woodlands_5x15_jagged,
          nzn_winding_woodlands_5x15_river_crossing,
          nzn_winding_woodlands_5x15_cabin,
          nzn_winding_woodlands_center_garden], layout_cellular_growth,
          dummy_snake_entry, basic_altar, grunt_forest_stairs_clearing
Lair:4:   layout_loops_ring, serial_bayou_pond_a, serial_bayou_shore_b
Lair:5:   layout_layer_cave, slime_altar_1, gauntlet_entry_generic
Lair:6:   wormcave, layout_cave_shapes, hangedman_lair_caniforms_friends,
          kennysheep_basilisk_garden
Swamp:1:  cheibrodos_swamp_tower_of_moss, layout_falls_marsh,
          gammafunk_ghost_hydra_chop, evilmike_swamp_ruin_house_2
Swamp:2:  layout_falls_marsh, hangedman_swamp_ruin_hall, swamp_pool5
Swamp:3:  nicolae_swamp_wrong_neighborhood, layout_basic_swamp,
          serial_swamp_ruin, evilmike_swamp_ruin_house_5,
          evilmike_swamp_ruin_house_3
Swamp:4:  swamp_fiery, layout_basic_swamp
Snake:1:  gammafunk_its_a_trap, layout_gridlike, lemuel_fruit_tree
Orc:1:    layout_caves, serial_shops, nicolae_shop_crystal,
          gammafunk_ghost_arena, guppyfry_orc_lava_fort, uniq_nergalle
Orc:2:    grunt_orc_tribal_feast, layout_caves, ebering_ghost_disaster_area

Skill      XL: |  1  2  3  4  5  6  7  8  9 10 11 12 13 14 15 16 17 18 |
---------------+-------------------------------------------------------+-----
Fighting       | 1 2 3 4 6 7 8 10 11 12 13 | 13.6
Maces & Flails | 1 2 3 4 5 7 8 10 11 12 13 | 13.5
Necromancy     | 1 2 3 4 5 6 |  6.6
Spellcasting   | 3 4 5 6 7 8 9 10 11 12 13 | 13.4
Ice Magic      | 5 6 7 8 9 11 12 13 14 17 | 17.2
Transmutations | 4 6 7 |  7.4
Earth Magic    | 5 6 7 |  7.5
Shields        | 2 4 |  4.0
Dodging        | |  2.6
Stealth        | |  2.6

Action                   |  1- 3 |  4- 6 |  7- 9 | 10-12 | 13-15 | 16-18 || total
-------------------------+-------+-------+-------+-------+-------+-------++-------
Melee: Unarmed           |    17 |       |       |       |       |       ||    17
       Constrict         |    13 |    10 |    30 |    50 |    71 |    76 ||   250
       Tentacles         |     5 |     8 |    28 |    73 |   184 |   259 ||   557
       Short sword       |    35 |     2 |       |       |       |       ||    37
       Flail             |       |    67 |   108 |   294 |   588 |   671 ||  1728
       Morningstar       |       |       |       |       |     4 |       ||     4
       Eveningstar       |       |       |       |       |    52 |   188 ||   240
       Broad axe         |       |       |       |       |       |     5 ||     5
 Fire: Fustibalus        |       |       |       |       |     2 |       ||     2
Throw: Dart              |       |     4 |     8 |    10 |     2 |     7 ||    31
 Cast: Freeze            |    11 |     2 |     4 |     1 |       |       ||    18
       Frozen Ramparts   |     2 |     9 |    32 |    36 |    78 |    18 ||   175
       Ozocubu's Armour  |       |     1 |     9 |    29 |    64 |    11 ||   114
       Agony             |       |       |       |     2 |     2 |     3 ||     7
       Summon Ice Beast  |       |       |       |       |    75 |    27 ||   102
       Statue Form       |       |       |       |       |       |    49 ||    49
Invok: Call Merchant     |       |       |       |     3 |       |       ||     3
       Potion Petition   |       |       |       |       |     5 |     4 ||     9
Evoke: Wand              |       |       |       |     4 |    13 |     2 ||    19
  Use: Scroll            |     3 |     8 |     5 |     9 |     7 |     6 ||    38
       Potion            |       |     8 |     1 |     1 |     4 |     1 ||    15
 Stab: Sleeping          |    11 |     6 |     7 |    12 |     6 |    12 ||    54
       Distracted        |       |       |       |     5 |    12 |     8 ||    25
       Confused          |       |       |       |       |       |     1 ||     1
Armor: Skin              |     8 |    15 |     7 |    32 |   126 |   599 ||   787
Dodge: Dodged            |    45 |    46 |    79 |   290 |   598 |   735 ||  1793
Block: Buckler           |       |       |       |       |       |   374 ||   374

Table legend: (Time is in decaauts)
 A = Elapsed time spent in this place.
 B = Non-inter-level travel time spent in this place.
 C = Inter-level travel time spent in this place.
 D = Time resting spent in this place.
 E = Time spent auto-exploring this place.
 F = Levels seen in this place.
 G = Mean time per level.
                   A        B        C        D        E       F      G
               +--------+--------+--------+--------+--------+-----+--------+
         Total |  33742 |  31190 |   2552 |   3113 |  20673 |  30 | 1124.7 |
       Dungeon |  16271 |  15141 |   1130 |   1381 |  10692 |  15 | 1084.7 |
        Temple |    185 |    134 |     51 |      0 |    133 |   1 |  185.0 |
          Lair |   9347 |   8541 |    806 |    856 |   6022 |   6 | 1557.8 |
         Swamp |   4324 |   4207 |    117 |    523 |   2166 |   4 | 1081.0 |
     Snake Pit |     17 |     17 |      0 |      0 |      0 |   1 |   17.0 |
  Orcish Mines |   3064 |   2617 |    447 |    309 |   1375 |   2 | 1532.0 |
      Gauntlet |    530 |    530 |      0 |     42 |    284 |   1 |  530.0 |
               +--------+--------+--------+--------+--------+-----+--------+

Top non-repeatable levels by time:
  Lair:6: 1945 daAuts
  Lair:2: 1833 daAuts
  Lair:1: 1638 daAuts
   Orc:2: 1598 daAuts
     D:9: 1587 daAuts
  Lair:5: 1570 daAuts
   Orc:1: 1466 daAuts
    D:11: 1461 daAuts
  Lair:3: 1430 daAuts
 Swamp:3: 1306 daAuts
     D:5: 1302 daAuts
     D:6: 1232 daAuts
     D:1: 1203 daAuts
     D:4: 1189 daAuts
 Swamp:4: 1172 daAuts
